 Dungeon Crawl Stone Soup version 0.32-a0-630-g46d191b0ed (webtiles) character file.

Game seed: 11627703588244173389

2935 jasper the Thaumaturge (level 9, 0/57 HPs)
             Began as a Deep Elf Cinder Acolyte on Mar 6, 2024.
             Was an Elder of Ignis.
             Succumbed to a water moccasin's poison
             ... on level 6 of the Dungeon.
             The game lasted 00:13:52 (9044 turns).

jasper the Thaumaturge (Deep Elf Cinder Acolyte)    Turns: 9044, Time: 00:13:52

Health: 0/57       AC: 11    Str: 11    XL:     9   Next: 51%
Magic:  6/25       EV: 12    Int: 24    God:    Ignis [****..]
Gold:   331        SH:  0    Dex: 10    Spells: 26/28 levels left

rFire   + + .        d - +3 dagger (venom)
rCold   x . .        (no shield)
rNeg    + . .        J - +4 ring mail
rPois   .            I - +0 helmet
rElec   .            (no cloak)
rCorr   .            (no gloves)
SInv    .            l - +0 pair of boots
Will    .....        A - amulet of the acrobat Stlth
                     f - ring of fire
HPRegen 0.29/turn    C - ring of positive energy
MPRegen 0.19/turn

%: acrobat
@: lethally poisoned (0 -> -2)
A: no striking features
a: Renounce Religion, Fiery Armour, Foxfire Swarm, Rising Flame


You were on level 6 of the Dungeon.
You worshipped Ignis.
Ignis was greatly pleased with you.
You visited 1 branch of the dungeon, and saw 7 of its levels.
You also visited: Sewer.

You collected 409 gold pieces.
You spent 78 gold pieces at shops.

Inventory:

Hand Weapons
 a - a -1 spear of flaming
 d - a +3 dagger of venom (weapon)
 n - a +0 mace of protection
 u - a +0 heavy whip
Missiles
 g - 60 stones
 o - 4 atropa-tipped darts
 s - 5 poisoned darts
 v - a curare-tipped dart
 y - 5 javelins
Armour
 b - a +0 robe
 l - a +0 pair of boots (worn)
 m - a +0 robe of cold resistance
 D - +0 acid dragon scales
 I - a +0 helmet (worn)
 J - a +4 ring mail (worn)
Jewellery
 f - a ring of fire (left hand)
 q - a ring of protection from fire
 A - an amulet of the acrobat (around neck)
 C - a ring of positive energy (right hand)
 F - a +6 ring of intelligence
 K - a +6 ring of intelligence
Talismans
 N - a talisman of death
Wands
 H - a wand of roots (3)
Scrolls
 r - 3 scrolls of poison
 B - 2 scrolls of torment
 L - a scroll of teleportation
 M - a scroll of blinking
Potions
 c - 4 potions of cancellation
 e - 4 potions of resistance
 h - 3 potions of attraction
 i - 3 potions of invisibility
 j - 2 potions of berserk rage {unknown}
 k - 2 potions of curing {unknown}
 p - 2 potions of might {unknown}
 t - 4 potions of haste {unknown}
 w - 2 potions of heal wounds {unknown}
 x - 2 potions of degeneration {unknown}
 z - 3 potions of mutation {unknown}
 E - 2 potions of brilliance {unknown}
 G - a potion of lignification {unknown}


   Skills:
 - Level 7.0 Fighting
 - Level 2.1 Polearms
 - Level 7.4 Dodging
 - Level 10.1 Spellcasting
 - Level 5.0 Fire Magic
 + Level 1.7 Shapeshifting


You had 26 spell levels left.
You knew the following spells:

 Your Spells              Type           Power      Damage    Failure   Level
a - Scorch                Fire           100%       2d9       2%          2

Your spell library contained the following spells:

 Spells                   Type           Power      Damage    Failure   Level


Dungeon Overview and Level Annotations

Branches:
Dungeon (7/15)             Temple (0/1) D:6           Sewer (visited)

Altars:
Ashenzari
Cheibriados
Elyvilon
Fedhas
Kikubaaqudgha
Qazlal
Vehumet
Beogh

Shops:
D:1 *


Message History

You feel very sick.
The gnoll sergeant hits you from afar with a +0 spear!
The water moccasin closely misses you. The gnoll hits you but does no damage.
You take 11 damage, and have 19/57 hp.
You now have 11/25 mp.
You feel very sick. The water moccasin barely misses you.
You take 3 damage, and have 16/57 hp.
You feel very sick.
The gnoll is no longer more vulnerable to fire.
The water moccasin completely misses you.
There is a stone staircase leading up here.
You take 3 damage, and have 13/57 hp.
You feel sick.
The water moccasin is no longer more vulnerable to fire.
The water moccasin closely misses you. The gnoll closely misses you.
You climb upwards.
You feel sick.
There is a stone staircase leading down here.
You take 3 damage, and have 10/57 hp.
Casting: Scorch (safe; 2% risk of failure)
Press: ? - help, Q - select action, (/) - cycle Dir - look around, f - activate You feel a surge of power!
Flames lash the water moccasin.
You kill the water moccasin!
You feel sick. The gnoll hits you but does no damage.
Your Shapeshifting skill increases to level 1!
You take 2 damage, and have 8/57 hp.
You now have 10/25 mp.
Casting: Scorch (safe; 2% risk of failure)
Press: ? - help, Q - select action, (/) - cycle Dir - look around, f - activate You feel a surge of power!
Flames lash the gnoll.
The gnoll is almost dead.
The gnoll's fire resistance burns away.
You feel sick. The gnoll hits you with a +0 flail!
* * * LOW HITPOINT WARNING * * *
Your magical contamination has completely faded away.
You take 7 damage, and have 1/57 hp.
You now have 8/25 mp.
Casting: Scorch (safe; 2% risk of failure)
Press: ? - help, Q - select action, (/) - cycle Dir - look around, f - activate You feel a surge of power!
Flames lash the gnoll.
The gnoll is burned terribly!
You kill the gnoll!
You die...
Ignis goes out, and joins you in death.

.......##### #...#
#.### .####..#...#
#.######.#
....#..#.#.###......#.#
#.#.#........#..#.#.#.#
#.#...##.#.#.#..#.#.#.#
..####.....#.#........#
### #.##..#.....##.###
####.#...###.#.)..#
#.......####.#@####
#.........##...#
#.....##.#######
###.....##.#
.##.....##.#
.##.######.# .##.###
#.# ......# #.# ###...#
#.#


There were no monsters in sight!

Vanquished Creatures
  Maggie (D:6)
  Prince Ribbit (D:6)
  A shadow (D:5)
  Eustachio (D:4)
  3 water moccasins
  A sky beast (D:6)
  An ice beast (D:6)
  A black bear (D:4)
  An ogre (D:5)
  2 centaurs (D:5)
  A phantom (D:4)
  Blork the orc (D:5)
  2 scorpions
  2 kobold brigands (Sewer)
  2 gnoll sergeants
  A bullfrog (D:5)
  2 bombardier beetles (D:4)
  A hound (D:5)
  8 iguanas
  Natasha (thrice) (D:2)
  An orc wizard (D:4)
  10 adders
  13 gnolls
  4 shadow imps (D:5)
  2 white imps (D:5)
  An ufetubus (D:5)
  3 dart slugs
  6 ribbon worms
  6 orcs
  9 bats
  7 endoplasms
  4 giant cockroaches
  10 goblins
  5 hobgoblins
  2 jackals (D:2)
  21 kobolds
  5 quokkas
  12 ball pythons
  6 frilled lizards
  12 rats
175 creatures vanquished.

Notes
Turn   | Place    | Note
-------+----------+-------------------------------------------
     0 | D:1      | jasper the Deep Elf Cinder Acolyte began the quest for the
                  | Orb.
     0 | D:1      | Reached XP level 1. HP: 13/13 MP: 5/5
   172 | D:1      | Found a roughly hewn altar of Beogh.
   187 | D:1      | Reached skill level 2 in Spellcasting
   189 | D:1      | Reached XP level 2. HP: 3/18 MP: 7/7
   192 | D:1      | Learned a level 2 spell: Scorch
   273 | D:1      | Found a faded altar of an unknown god.
   730 | D:1      | Found Qaah's Assorted Antiques.
   738 | D:1      | Bought a ruby potion for 18 gold pieces
   738 | D:1      | Bought a scroll labelled DAOXYV XUEKK for 21 gold pieces
  1119 | D:1      | Reached XP level 3. HP: 22/22 MP: 3/8
  1823 | D:2      | Reached skill level 3 in Spellcasting
  1910 | D:2      | Noticed Natasha
  1922 | D:2      | Killed Natasha
  1923 | D:2      | Reached XP level 4. HP: 28/28 MP: 4/11
  1995 | D:2      | Noticed Natasha
  2000 | D:2      | Killed Natasha
  2016 | D:2      | Noticed Natasha
  2027 | D:2      | Killed Natasha
  2079 | D:2      | Reached XP level 5. HP: 20/32 MP: 5/12
  2443 | D:2      | Reached skill level 4 in Spellcasting
  2878 | D:3      | Found a white marble altar of Elyvilon.
  3228 | D:3      | Found a glowing drain.
  3282 | Sewer    | Entered a sewer
  3306 | Sewer    | Reached skill level 5 in Fire Magic
  3552 | Sewer    | Reached XP level 6. HP: 38/38 MP: 7/15
  3668 | Sewer    | Reached skill level 5 in Spellcasting
  4217 | D:1      | Bought a scroll labelled UBBOOCROG GABB for 21 gold pieces
  4217 | D:1      | Bought a sedimented green potion for 18 gold pieces
  4363 | D:3      | Found an ancient bone altar of Kikubaaqudgha.
  5142 | D:4      | Found a radiant altar of Vehumet.
  5148 | D:4      | Reached skill level 1 in Dodging
  5149 | D:4      | Reached XP level 7. HP: 34/44 MP: 4/17
  5154 | D:4      | Reached skill level 6 in Spellcasting
  5295 | D:4      | Noticed Eustachio
  5319 | D:4      | Killed Eustachio
  5675 | D:4      | Found a stormy altar of Qazlal.
  5706 | D:4      | Found a blossoming altar of Fedhas.
  5849 | D:4      | Reached skill level 5 in Fighting
  6013 | D:5      | Entered Level 5 of the Dungeon
  6057 | D:5      | Reached skill level 7 in Spellcasting
  6393 | D:5      | Reached XP level 8. HP: 49/49 MP: 12/20
  6651 | D:5      | Noticed Blork the orc
  6657 | D:5      | Killed Blork the orc
  7196 | D:5      | Reached skill level 5 in Dodging
  7196 | D:5      | Reached skill level 8 in Spellcasting
  7485 | D:5      | Reached skill level 9 in Spellcasting
  7969 | D:6      | Noticed Maggie
  7982 | D:6      | Killed Maggie
  7983 | D:6      | Reached XP level 9. HP: 36/56 MP: 10/24
  8225 | D:6      | Noticed Prince Ribbit
  8235 | D:6      | Killed Prince Ribbit
  8238 | D:6      | Found a broken altar of Ashenzari.
  8625 | D:6      | Reached skill level 10 in Spellcasting
  8842 | D:6      | Found a staircase to the Ecumenical Temple.
  8903 | D:6      | Found a snail-covered altar of Cheibriados.
  9043 | D:6      | Reached skill level 1 in Shapeshifting
  9043 | D:6      | HP: 1/57 [gnoll/+0 flail[a gnoll sergeant] (7)]
  9044 | D:6      | Succumbed to a water moccasin's poison

Illustrated notes

Levels and vault maps discovered:
D:1:      minmay_arrival_diagonal_passages, layout_loops_cross,
          hellmonk_ecumenical_altar_defaced_shrine, serial_shops,
          nicolae_shop_just_a_little_nook, chequers_serial_rivers_micro_e,
          hangedman_abyss_or_decor_lesser_grid
D:2:      layout_basic, uniq_natasha
D:3:      layout_basic, mainiacjoe_overflow_brackets,
          nicolae_kikubaaqudgha_miasma_corner, gup_sewer_entry_glass,
          hangedman_abyss_or_decor_stabs, interstate_on_off,
          minmay_misc_feat_roman
D:4:      layout_rooms, grunt_temple_overflow_forces_of_nature,
          nicolae_vehumet_radiance, kennysheep_generic_room_3, uniq_eustachio
D:5:      cheibrodos_barr_body, layout_loops_ring, minmay_fractal_squares_5,
          uniq_blork_the_orc
D:6:      layout_basic, mainiacjoe_overflow_small_starburst,
          mainiacjoe_overflow_boulevard, minmay_temple_entry_statues_fountains,
          chequers_arboretum, patterned_corridor, uniq_maggie,
          uniq_prince_ribbit1
D:7:      layout_basic, hellmonk_no_cap, uniq_pikel

Skill      XL: |  1  2  3  4  5  6  7  8  9 |
---------------+----------------------------+-----
Spellcasting   | 2 3 4 5 7 9 10 | 10.1
Fighting       | 3 4 5 6 7 |  7.0
Fire Magic     | 4 5 |  5.0
Dodging        | 1 3 6 7 |  7.4
Shapeshifting  | 1 |  1.7
Polearms       | |  2.1

Action                     |  1- 3 |  4- 6 |  7- 9 || total
---------------------------+-------+-------+-------++-------
  Melee: Spear             |    23 |       |       ||    23
         Dagger            |     5 |    25 |    23 ||    53
   Cast: Scorch            |    38 |   102 |   148 ||   288
 Invoke: Fiery Armour      |     1 |     2 |     1 ||     4
    Use: Scroll            |     4 |     2 |     8 ||    14
   Stab: Sleeping          |       |     1 |       ||     1
 Armour: Robe              |    14 |    41 |    38 ||    93
         Ring mail         |       |       |    60 ||    60
  Dodge: Dodged            |    16 |    37 |    99 ||   152

Table legend: (Time is in decaauts)
 A = Elapsed time spent in this place.
 B = Non-inter-level travel time spent in this place.
 C = Inter-level travel time spent in this place.
 D = Time resting spent in this place.
 E = Time spent auto-exploring this place.
 F = Levels seen in this place.
 G = Mean time per level.
                   A        B        C        D        E       F      G
               +--------+--------+--------+--------+--------+-----+--------+
         Total |   9081 |   8653 |    428 |    819 |   6767 |   8 | 1135.1 |
       Dungeon |   8432 |   8004 |    428 |    737 |   6321 |   7 | 1204.6 |
         Sewer |    648 |    648 |      0 |     82 |    446 |   1 |  648.0 |
               +--------+--------+--------+--------+--------+-----+--------+

Top non-repeatable levels by time:
     D:5: 2091 daAuts
     D:1: 1738 daAuts
     D:2: 1348 daAuts
     D:3: 1201 daAuts
     D:4: 1110 daAuts
     D:6: 919 daAuts
   Sewer: 648 daAuts
     D:7: 22 daAuts
